Description

Generated with CarbonTwelve's Starcraft Fusion.

The aim of the build is to get 2 oracles as quickly as possible, providing a player with a safe opening (2 gates, 2 zealots, a mothership core) and decent economic development (an expansion is ready on 3:36).

Build Order

Get SALT Encoding   

  13  0:02  Probe (Chrono Boost)  
  14  0:12  Probe (Chrono Boost)  
  14  0:17  Pylon  
  15  0:23  Probe (Chrono Boost)  
  15  0:27  Assimilator  
  16  0:35  Probe (Chrono Boost)  
  17  0:45  Probe (Chrono Boost)  
  17  0:46  Gateway  
  17  0:50  Assimilator, Action (Move Probes to Gas)  
  18  0:56  Probe (Chrono Boost)  
  19  1:07  Probe (Chrono Boost)  
  20  1:17  Probe (Chrono Boost)  
  20  1:18  Pylon  
  21  1:28  Probe (Chrono Boost)  
  21  1:33  Cybernetics Core  
  23  1:34  Action, Zealot (Move Probes to Gas)  
  23  1:40  Gateway  
  24  1:43  Probe (Chrono Boost)  
  25  1:54  Probe (Chrono Boost)  
  27  2:00  Probe (Chrono Boost), Zealot  
  30  2:10  Mothership Core (Chrono Boost)  
  30  2:26  Nexus  
  30  2:35  Stargate  
  30  2:45  Stargate  
  31  2:49  Probe (Chrono Boost)  
  31  2:55  Pylon  
  32  3:00  Probe (Chrono Boost)  
  33  3:10  Probe (Chrono Boost)  
  33  3:14  Pylon  
  36  3:19  Oracle  
  37  3:24  Probe (Chrono Boost)  
  40  3:29  Oracle (Chrono Boost)  
  41  3:35  Probe  
  42  3:39  Probe (Chrono Boost)  
  43  3:47  Probe  
  44  3:49  Probe (Chrono Boost)  
  44  3:57  Protoss Air Armor Level 1  
Spawning Tool Build Advisor. Get it on Overwolf

Analysis

What we have by 04:00 is as follows.

Income: 987M 228G

Buildings: 2 Nexus, 2 Assimilators, 4 Pylons, 2 Gateways, 1 Cybernetics Core, 2 Stargates.

Units: 31 Probe, 2 Zealots, 2 Oracles, 1 Mothership Core.

Research: Air Armor 1 (under research).

Go to:

Details

  • Created by: Turir
  • Published on: Feb 14, 2017
  • Modified on: Apr 11, 2017
  • Patch: 3.8.0
Show
View Real Time Build Order
Export as new Build Order

Comments (0)

There are no comments. Be the first!

Create an account to comment!